 Dungeon Crawl Stone Soup version 0.21.1-1-g345015f (webtiles) character file.

231 inc the Conjurer (level 5, -1/21 HPs)
             Began as a Felid Venom Mage on Mar 4, 2018.
             Was an Initiate of Gozag.
             Slain by a fire bat (5 damage)
             ... on level 3 of the Dungeon.
             The game lasted 00:10:11 (5279 turns).

inc the Conjurer (Felid Venom Mage)                 Turns: 5279, Time: 00:10:12

Health: -1/21      AC:  2    Str:  6    XL:     5   Next: 73%
Magic:  3/11       EV: 18    Int: 19    God:    Gozag
Gold:   310        SH:  0    Dex: 16    Spells: 7/11 levels left
                                        Lives:  0   Deaths: 1

rFire    . . .     SeeInvis +   (weapon unavailable)
rCold    . . .     Gourm    .   (shield unavailable)
rNeg     . . .     Faith    .   (armour unavailable)
rPois    .         Spirit   .   (helmet unavailable)
rElec    .         Reflect  .   (cloak unavailable)
rCorr    .         Harm     .   (gloves unavailable)
MR       .....                  (boots unavailable)
Stlth    +++.......             (no amulet)
HPRegen  0.07/turn              (no ring)
MPRegen  0.12/turn              q - +2 ring of strength

@: gold aura, quick
A: very small, no armour, no weapons or thrown items, stealth, claws 1, fangs 3,
see invisible, carnivore, speed 1, shaggy fur 2, slow metabolism 1, sharp paws
a: Potion Petition, Call Merchant, Bribe Branch, Renounce Religion


You were on level 3 of the Dungeon.
You worshipped Gozag.
Gozag was aware of your devotion.
You were not hungry.

You visited 1 branch of the dungeon, and saw 4 of its levels.

You collected 350 gold pieces.
You paid 40 gold pieces to Gozag.

Inventory:

Jewellery
 p - an uncursed ring of teleportation
 q - a +2 ring of strength (right paw)
Scrolls
 f - a scroll of amnesia {unknown}
 g - a scroll of teleportation
 h - 2 scrolls of remove curse
 k - 2 scrolls of enchant weapon {unknown}
 m - a scroll of enchant armour {unknown}
 o - a scroll of random uselessness {unknown}
 r - a scroll of noise {unknown}
Potions
 c - 3 potions of heal wounds
 d - 2 potions of brilliance {unknown}
 e - 3 potions of curing
 i - 2 potions of degeneration
 j - a potion of flight
 l - a potion of berserk rage {unknown}
Books
 a - a Young Poisoner's Handbook

   Spells                             Type                      Level
   a - Sting                          Conjuration/Poison           1
   b - Poisonous Vapours              Poison/Air                   2
   c - Mephitic Cloud                 Conjuration/Poison/Air       3
   d - Olgreb's Toxic Radiance        Poison                       4
   e - Venom Bolt                     Conjuration/Poison           5
 n - a book of Misfortune

   Spells                             Type                      Level
   a - Confusing Touch                Hexes                        1
   b - Confuse                        Hexes                        3
   c - Gell's Gravitas                Translocation                3
   d - Petrify                        Transmutation/Earth          4
   e - Metabolic Englaciation         Hexes/Ice                    5
   f - Yara's Violent Unravelling     Hexes/Transmutation          5
Comestibles
 b - 3 rations


   Skills:
 - Level 2.6 Dodging
 - Level 2.6 Stealth
 + Level 0.7 Unarmed Combat
 + Level 3.9 Spellcasting
 - Level 4.8 Conjurations
 - Level 0.7 Air Magic
 - Level 2.8 Poison Magic


You had 7 spell levels left.
You knew the following spells:

 Your Spells              Type           Power        Failure   Level  Hunger
a - Sting                 Conj/Pois      ###.         2%          1    None
b - Poisonous Vapours     Pois/Air       ##....       10%         2    ##.....
c - Confusing Touch       Hex            #.....       14%         1    None


Dungeon Overview and Level Annotations

Branches:
Dungeon (4/15)
 Temple: D:4-7

Altars:
Ashenzari
Cheibriados
Gozag


Innate Abilities, Weirdness & Mutations

You cannot wear armour.
You are incapable of wielding weapons or throwing items.
Your paws allow you to move quietly. (Stealth)
You have sharp claws.
You have razor-sharp teeth.
You have supernaturally acute eyesight. (SInv)
You are carnivorous and can eat meat at any time.
You cover ground quickly.
You are covered in thick fur. (AC +2)
You have a slow metabolism.
Your sharp claws are effective at attacking unaware monsters.


Message History

Poisonous vapours surround the fire bat!
The fire bat is engulfed in poison gas.
The fire bat is poisoned.
The fire bat closely misses you.
The fire bat is engulfed in poison gas.
The fire bat looks even sicker.
You kill the fire bat!
The fire bat bites you.
* * * LOW HITPOINT WARNING * * *
You are engulfed in flames.
* * * LOW HITPOINT WARNING * * *
The fire bat is distracted by the nearby gold.
Casting: Poisonous Vapours
Confirm with . or Enter, or press ? or * to list all spells.
Aiming: Poisonous Vapours
Press: ? - help, Dir - move target cursor, f - fire bat
Aim: a fire bat Poisonous vapours surround the fire bat!
The fire bat is engulfed in poison gas.
The fire bat is poisoned.
The fire bat bites you.
You die...
Your body crumbles into a pile of gold.

..#.....## ###
#####....#
..#.....#
#####.#
#.........
..#.....#
#..##.#
#.#######.
..#....###
#...#.####.#
#.. ..#...###..
##.#.##.##.#
#.. ..#..## ...
####.#.##.# #..
..#### ...
###..###.# #..
### #.#
###....##..#
#.. #
#.##b@###...###
#.. # #.Zb##
##### #.. #
##.## #.. #
#...# #..
##########
##..ZZ# #..
.........#
#....# #..
.........#
#..#.. #..
.........# ###
# #..
P...)....# ###


You could see 2 fire bats and a skeletal bat.

Vanquished Creatures
  A vampire bat (D:3)
  A hound (D:4)
  An orc priest (D:3)
  2 iguanas
  Robin (D:2)
  A gnoll (D:1)
  7 adders
  An ooze (D:4)
  4 worms (D:2)
  4 dart slugs
  A fire bat (D:3)
  3 leopard geckos
  5 orcs (D:3)
  A ball python (D:4)
  3 giant cockroaches
  8 hobgoblins
  3 jackals (D:4)
  2 quokkas (D:3)
  16 bats
  5 frilled lizards
  11 goblins
  6 kobolds
  6 rats
93 creatures vanquished.

Vanquished Creatures (others)
  4 toadstools (D:1)
4 creatures vanquished.

Grand Total: 97 creatures vanquished

Notes
Turn   | Place    | Note
-------+----------+-------------------------------------------
     0 | D:1      | inc the Felid Venom Mage began the quest for the Orb.
     0 | D:1      | Reached XP level 1. HP: 7/7 MP: 4/4
    15 | D:1      | Reached skill level 1 in Conjurations
    39 | D:1      | Reached skill level 2 in Conjurations
    39 | D:1      | Reached XP level 2. HP: 11/11 MP: 0/6
   478 | D:1      | Reached XP level 3. HP: 7/14 MP: 0/7
  1002 | D:2      | Reached skill level 3 in Conjurations
  1687 | D:2      | Reached XP level 4. HP: 18/18 MP: 1/8
  1968 | D:2      | Found a shattered altar of Ashenzari.
  2038 | D:2      | Noticed Robin
  2367 | D:2      | Killed Robin
  2367 | D:2      | Reached skill level 4 in Conjurations
  2930 | D:3      | Found an opulent altar of Gozag.
  2933 | D:3      | Reached XP level 5. HP: 15/21 MP: 4/9
  3217 | D:3      | Became a worshipper of Gozag Ym Sagoz the Greedy
  3385 | D:3      | Found a snail-covered altar of Cheibriados.
  3792 | D:3      | Learned a level 2 spell: Poisonous Vapours
  4294 | D:3      | Gained mutation: You are covered in thick fur. (AC +2) [Felid growth]
  4294 | D:3      | Reached XP level 6. HP: 24/24 MP: 1/11
  4883 | D:4      | Slain by a water moccasin zombie
  4884 | D:4      | Reached XP level 5. HP: 0/21 MP: 11/11
  4915 | D:4      | Noticed a phantom
  4935 | D:4      | Learned a level 1 spell: Confusing Touch
  4968 | D:4      | Noticed an ogre
  5279 | D:3      | Slain by a fire bat

Skill      XL: |  1  2  3  4  5  6 |
---------------+-------------------+-----
Conjurations   | 2 3 4 |  4.8
Spellcasting   | 3 |  3.9
Dodging        | |  2.6
Stealth        | |  2.6
Unarmed Combat | |  0.7
Air Magic      | |  0.7
Poison Magic   | |  2.8

Action                   |  1- 3 |  4- 6 || total
-------------------------+-------+-------++-------
Melee: Unarmed           |     9 |    62 ||    71
       Bite              |     1 |     7 ||     8
 Cast: Sting             |    77 |   187 ||   264
       Poisonous Vapours |       |     9 ||     9
       Confusing Touch   |       |     1 ||     1
  Use: Scroll            |       |     7 ||     7
 Stab: Sleeping          |       |     1 ||     1
  Eat: Chunk             |     2 |     6 ||     8
       Ration            |       |     1 ||     1
Armor: Skin              |     3 |    15 ||    18
Dodge: Dodged            |    30 |   122 ||   152
